[Event "Team 45 45 League T85"]
[Site "Internet Chess Club"]
[Date "2020.07.17"]
[Round "3"]
[White "Packerfan"]
[Black "filmdirector"]
[Result "1-0"]
[WhiteElo "1770"]
[BlackElo "1611"]
[Opening "English: Botvinnik system"]
[ECO "A26"]
[Time "14:10:30"]
[TimeControl "2700+45"]

1. c4 e5 2. Nc3 Nc6 3. g3 g6 4. Bg2 Bg7 5. d3 d6 6. e4 Be6 7. Nge2 Qd7 8. O-O
Bh3 9. a3 Bxg2 10. Kxg2 f5 11. f3 Nf6 12. Nd5 Ne7 13. Bd2 c6 14. Nxf6+ Bxf6 15.
Bc3 c5 16. Nf4 exf4 17. Bxf6 O-O 18. Bc3 fxg3 19. hxg3 fxe4 20. dxe4 g5 21. Qd2
g4 22. Qg5+ Ng6 23. f4 Qe7 24. Qxe7 Nxe7 25. Rad1 Rad8 26. Rh1 Ng6 27. Rh5 Rxf4
28. e5 Rxc4 29. exd6 Rd7 30. Rhd5 b6 31. Re1 h5 32. Re6 Kf7 33. Rf6+ Kg7 34.
Rff5+ Rxc3 35. bxc3 h4 36. Rg5 hxg3 37. Kxg3 Kf6 38. Kxg4 Nh8 39. Rgf5+ Ke6 40.
Rfe5+ Kf7 41. Rh5 Ng6 42. Kg5 Nf8 43. Kf5 a5 44. a4 Kg7 45. c4 Rd8 46. Rh1 Rd7
47. Rb1 Rf7+ 48. Kg4 Nd7 49. Kg5 Nf6 50. Re5 Nd7 51. Re7 Kf8 52. Rxf7+ Kxf7 53.
Kf5 Nf8 54. Re1 Kg8 55. Re7 Kh8 56. d7 Nxd7 57. Rxd7 Kg8 58. Kf6 Kh8 59. Kg6 Kg8
{Black resigns} 1-0

[Event "Team 45 45 League T85"]
[Site "Internet Chess Club"]
[Date "2020.07.19"]
[Round "3"]
[White "CPTsopiens"]
[Black "Draconian"]
[Result "1/2-1/2"]
[WhiteElo "1816"]
[BlackElo "1807"]
[Opening "Sicilian: Labourdonnais-Löwenthal variation"]
[ECO "B32"]
[Time "15:30:27"]
[TimeControl "2700+45"]

1. e4 c5 2. Nf3 Nc6 3. d4 cxd4 4. Nxd4 e5 5. Nb5 Nf6 6. N1c3 d6 7. Bg5 Be6 8.
Bxf6 gxf6 9. Nd5 Rc8 10. a3 a6 11. Nbc3 Nd4 12. Bd3 Rg8 13. Ne3 Bh6 14. Qh5 Bxe3
15. fxe3 Nc6 16. Qxh7 Rxg2 17. O-O-O Qb6 18. Rde1 Na5 19. Nd5 Rcxc2+ 20. Bxc2
Rxc2+ 21. Kxc2 Qb3+ 22. Kc1 Qd3 23. b4 Qxa3+ 24. Kd1 Bg4+ 25. Kd2 Nc4+ 26. Kc2
Qb2+ 27. Kd3 Qb3+ 28. Nc3 Nb2+ 29. Kd2 Nc4+ 30. Kd3 Nb2+ 31. Kd2 Nc4+ 32. Kd3
{Game drawn by repetition} 1/2-1/2

[Event "Team 45 45 League T85"]
[Site "Internet Chess Club"]
[Date "2020.07.18"]
[Round "3"]
[White "ivanson"]
[Black "Demachaeron"]
[Result "1-0"]
[WhiteElo "1647"]
[BlackElo "1709"]
[Opening "Scandinavian defense"]
[ECO "B01"]
[Time "15:01:16"]
[TimeControl "2700+45"]

1. e4 d5 2. exd5 Qxd5 3. Nc3 Qa5 4. d4 Nf6 5. Nf3 Bf5 6. Bc4 e6 7. Bd2 c6 8. Nd5
Qd8 9. Nxf6+ Qxf6 10. Qe2 Nd7 11. O-O-O O-O-O 12. Bg5 Qg6 13. Bxd8 Kxd8 14. Ne5
Nxe5 15. dxe5+ Kc7 16. f3 Bc5 17. Kb1 h5 18. Bd3 Qg5 19. Bxf5 exf5 20. Qd2 Qe7
21. Qc3 Bb4 22. Qe3 Bc5 23. Qe2 f4 24. Qe4 Be3 25. Rd3 Qg5 26. Rhd1 Rf8 27. Rd7+
Kc8 28. Qb4 {Black resigns} 1-0

[Event "Team 45 45 League T85"]
[Site "Internet Chess Club"]
[Date "2020.07.18"]
[Round "3"]
[White "ghostfire"]
[Black "AboardBuffalo"]
[Result "0-1"]
[WhiteElo "1653"]
[BlackElo "1576"]
[Opening "Giuoco Pianissimo: Italian four knights variation"]
[ECO "C28"]
[Time "15:00:59"]
[TimeControl "2700+45"]

1. e4 e5 2. Bc4 Nf6 3. Nc3 Nc6 4. d3 Bc5 5. Nf3 d6 6. a3 Bg4 7. O-O Nd4 8. h3
Nxf3+ 9. gxf3 Bxh3 10. Re1 Nh5 11. f4 Qh4 12. Be3 Nxf4 13. Qf3 Bg2 14. Qg3 Qh1#
{White checkmated} 0-1